AoeStats
← 神速デュバリィ

Oasis

509538276Analyzed
2v2 RM · 4d ago on Sep 27, 2026· 64m 49s· 4 players
Game mode
Random Map
Map size
Medium (4 player)
Population
200
Speed
Normal
Resources
Standard
Victory
Conquest
Starting age
Dark Age
Ending age
Imperial Age
RankedLock teamsTeams togetherTeam positionsShared explorationLock speedFull tech treeHidden civsTurbo modeCheats
Victory
Defeat
🇺🇸 Armenians · United States
1291
+18
🇺🇸 Varangians · United States
1283
+19
🇨🇳 Romans · China
1358
-19
1326
-18
AlohaInMyHeartForAOE2
7:15 Loom
7:44 Loom
10:18 Feudal Age
10:27 Man-at-Arms
12:08 Scale Mail Armor
11:38 Long Swordsman
17:45 Double-Bit Axe
24:05 Castle Age
25:02 Chain Mail Armor
24:39 Gambesons
31:57 Wheelbarrow
31:07 Two-Handed Swordsman
32:02 Forging
33:21 Iron Casting
34:58 Squires
34:45 Arson
35:28 Horse Collar
45:07 Imperial Age
42:44 Fletching
43:29 Gold Mining
43:40 Bodkin Arrow
44:17 Ballistics
46:50 Chemistry
45:53 Bracer
45:30 Elite Composite Bowman
46:43 Padded Archer Armor
47:12 Bow Saw
47:25 Champion
50:34 Leather Archer Armor
54:08 Onager
58:06 Gold Shaft Mining
58:20 Ring Archer Armor
BlossomForce
4:41 Loom
14:10 Feudal Age
15:31 Horse Collar
15:37 Double-Bit Axe
16:26 Bloodlines
16:33 Town Watch
18:27 Scale Barding Armor
18:34 Forging
21:47 Man-at-Arms
22:56 Gold Mining
26:38 Scale Mail Armor
28:40 Castle Age
34:11 Murder Holes
34:37 Ballistics
34:55 Fletching
35:44 Bodkin Arrow
40:23 Husbandry
41:35 Chain Barding Armor
41:50 Iron Casting
43:40 Stone Mining
45:24 Vendel Legacy
49:02 Chain Mail Armor
55:08 Fervor
54:59 Devotion
55:05 Atonement
61:03 Imperial Age
59:10 Wheelbarrow
58:35 Town Patrol
61:45 Hand Cart
61:43 Elite Jarl
65:40 Chemistry
神速デュバリィ
4:26 Loom
11:46 Feudal Age
13:41 Double-Bit Axe
16:58 Fletching
19:33 Gold Mining
27:59 Castle Age
26:02 Horse Collar
27:46 Crossbowman
LEVI
4:15 Loom
10:08 Feudal Age
10:51 Double-Bit Axe
16:23 Castle Age
14:33 Horse Collar
16:59 Man-at-Arms
18:25 Scale Mail Armor
18:49 Long Swordsman
21:02 Heavy Plow
22:43 Bow Saw
25:42 Chain Mail Armor
27:22 Squires
27:34 Forging
29:42 Wheelbarrow
30:18 Pikeman
33:31 Iron Casting
35:05 Fletching
35:45 Gold Mining
38:36 Imperial Age
37:37 Gold Shaft Mining
40:05 Conscription
39:20 Legionary
39:24 Halberdier
42:08 Blast Furnace
41:58 Scale Barding Armor
42:39 Siege Engineers
46:24 Bodkin Arrow
47:29 Town Watch
48:11 Hand Cart
48:17 Hand Cart
48:40 Padded Archer Armor
48:53 Elite Skirmisher
52:25 Leather Archer Armor
53:01 Stone Mining
55:24 Comitatenses
56:10 Ballistics
56:51 Chemistry
57:23 Heavy Scorpion
Connection lost

Rejoining the realm…

Still unreachable

The connection could not be restored.

Session expired

The server has moved on; the page needs a fresh start.